Workbook
Name Toggle: Model!$H$234

Sheet Model
B2: Victoria Model
E4: Monthly Actuals | J4: Monthly Projections | AJ4: Annual Projections
E5: 44804 | F5: =EOMONTH(E5,1) -> 44834 | G5: =EOMONTH(F5,1) -> 44865 | H5: =EOMONTH(G5,1) -> 44895 | I5: =EOMONTH(H5,1) -> 44926 | J5: =EOMONTH(I5,1) -> 44957 | K5: =EOMONTH(J5,1) -> 44985 | L5: =EOMONTH(K5,1) -> 45016 | M5: =EOMONTH(L5,1) -> 45046 | ... AG5: =EOMONTH(AF5,1) -> 45657 | AJ5: 2023 | AK5: 2024 | AL5: 2025 | AM5: 2026 | AN5: 2027
B7: Sales team
B9: Salespeople - BoP | E9: 0 | F9: =E12 -> 0 | G9: =F12 -> 0 | H9: =G12 -> 0 | I9: =H12 -> 0 | J9: =I12 -> 0 | K9: =J12 -> 3 | L9: =K12 -> 3 | M9: =L12 -> 3 | ... AG9: =AF12 -> 14 | AJ9: =J9 -> 0 | AK9: =AJ12 -> 6 | AL9: =AK12 -> 14 | AM9: =AL12 -> 24 | AN9: =AM12 -> 38
B10: # of salespeople hired | E10: 0 | F10: 0 | G10: 0 | H10: 0 | I10: 0 | J10: 3 | K10: 0 | L10: 0 | M10: 0 | N10: 0 | O10: 3 | P10: 0 | Q10: 0 | R10: 0 | S10: 1 | T10: 0 | U10: 0 | V10: 3 | W10: 0 | X10: 0 | Y10: 2 | Z10: 0 | AA10: 0 | AB10: 3 | AC10: 0 | AD10: 0 | AE10: 2 | AF10: 0 | AG10: 0 | AJ10: =SUM(J10:U10) -> 7 | AK10: =SUM(V10:AG10) -> 10 | AL10: 12 | AM10: 18 | AN10: 30
B11: # of salespeople departed | E11: 0 | F11: 0 | G11: 0 | H11: 0 | I11: 0 | J11: 0 | K11: 0 | L11: 0 | M11: 0 | N11: 0 | O11: 1 | P11: 0 | Q11: 0 | R11: 0 | S11: 0 | T11: 0 | U11: 0 | V11: 1 | W11: 0 | X11: 0 | Y11: 0 | Z11: 0 | AA11: 0 | AB11: 1 | AC11: 0 | AD11: 0 | AE11: 0 | AF11: 0 | AG11: 0 | AJ11: =SUM(J11:U11) -> 1 | AK11: =SUM(V11:AG11) -> 2 | AL11: 2 | AM11: 4 | AN11: 4
B12: Salespeople EoP | E12: =E9+E10-E11 -> 0 | F12: =F9+F10-F11 -> 0 | G12: =G9+G10-G11 -> 0 | H12: =H9+H10-H11 -> 0 | I12: =I9+I10-I11 -> 0 | J12: =J9+J10-J11 -> 3 | K12: =K9+K10-K11 -> 3 | L12: =L9+L10-L11 -> 3 | ... AG12: =AG9+AG10-AG11 -> 14 | AJ12: =AJ9+AJ10-AJ11 -> 6 | AK12: =AK9+AK10-AK11 -> 14 | AL12: =AL9+AL10-AL11 -> 24 | AM12: =AM9+AM10-AM11 -> 38 | AN12: =AN9+AN10-AN11 -> 64
B14: Productive salespeople | E14: 0 | F14: 0 | G14: 0 | H14: 0 | I14: 0 | J14: =MAX(J12-SUM(H10:J10),0) -> 0 | K14: =MAX(K12-SUM(I10:K10),0) -> 0 | L14: =MAX(L12-SUM(J10:L10),0) -> 0 | M14: =MAX(M12-SUM(K10:M10),0) -> 3 | N14: =MAX(N12-SUM(L10:N10),0) -> 3 | O14: =MAX(O12-SUM(M10:O10),0) -> 2 | P14: =MAX(P12-SUM(N10:P10),0) -> 2 | Q14: =MAX(Q12-SUM(O10:Q10),0) -> 2 | ... AG14: =MAX(AG12-SUM(AE10:AG10),0) -> 12 | AJ14: =AVERAGE(J14:U14) -> 2.6666667 | AK14: =AVERAGE(V14:AG14) -> 8.5 | AL14: =MAX(AL9+(AL10*1/4*75%+AL10*1/4*50%+AL10*1/4*25%+AL10*1/4*0%)-(AL11/2),0) -> 17.5 | AM14: =MAX(AM9+(AM10*1/4*75%+AM10*1/4*50%+AM10*1/4*25%+AM10*1/4*0%)-(AM11/2),0) -> 28.75 | AN14: =MAX(AN9+(AN10*1/4*75%+AN10*1/4*50%+AN10*1/4*25%+AN10*1/4*0%)-(AN11/2),0) -> 47.25
B15: Units sold per salesperson | E15: 0 | F15: 0 | G15: 0 | H15: 0 | I15: 0 | J15: 100 | K15: =J15 -> 100 | L15: =K15 -> 100 | M15: =L15 -> 100 | N15: =M15 -> 100 | O15: =N15 -> 100 | P15: =O15 -> 100 | Q15: =P15 -> 100 | R15: =Q15 -> 100 | ... U15: =T15 -> 100 | V15: 100 | W15: =V15 -> 100 | X15: =W15 -> 100 | Y15: =X15 -> 100 | Z15: =Y15 -> 100 | AA15: =Z15 -> 100 | AB15: =AA15 -> 100 | AC15: =AB15 -> 100 | AD15: =AC15 -> 100 | ... AG15: =AF15 -> 100 | AJ15: =SUM(J15:U15) -> 1200 | AK15: =SUM(V15:AG15) -> 1200 | AL15: =AK15*1.3 -> 1560 | AM15: =AL15*1.3 -> 2028 | AN15: =AM15*1.3 -> 2636.4
B16: Maximum demand | E16: =E14*E15 -> 0 | F16: =F14*F15 -> 0 | G16: =G14*G15 -> 0 | H16: =H14*H15 -> 0 | I16: =I14*I15 -> 0 | J16: =J14*J15 -> 0 | K16: =K14*K15 -> 0 | L16: =L14*L15 -> 0 | ... AG16: =AG14*AG15 -> 1200 | AJ16: =SUM(J16:U16) -> 3200 | AK16: =SUM(V16:AG16) -> 10200 | AL16: =AL14*AL15 -> 27300 | AM16: =AM14*AM15 -> 58305 | AN16: =AN14*AN15 -> 124569.9
B18: Production plan
B20: Production plan - Finished Goods (units) | E20: 0 | F20: 0 | G20: 0 | H20: 0 | I20: 0 | J20: 0 | K20: 500 | L20: 0 | M20: 1000 | P20: 1000 | S20: 1500 | V20: 2000 | Y20: 2500 | AB20: 3000 | AE20: 3000 | AJ20: =SUM(J20:U20) -> 4000 | AK20: =SUM(V20:AG20) -> 10500 | AL20: =+AL30 -> 28191.693 | AM20: =+AM30 -> 59455.892 | AN20: =+AN30 -> 126328.25
B21: Units produced | E21: 0 | F21: 0 | G21: 0 | H21: 0 | I21: 0 | J21: =+J20 -> 0 | K21: =+K20 -> 500 | L21: =+L20 -> 0 | M21: =+M20 -> 1000 | N21: =+N20 | O21: =+O20 | P21: =+P20 -> 1000 | Q21: =+Q20 | ... AG21: =+AG20 | AJ21: =SUM(J21:U21) -> 4000 | AK21: =SUM(V21:AG21) -> 10500 | AL21: =+AL20 -> 28191.693 | AM21: =+AM20 -> 59455.892 | AN21: =+AN20 -> 126328.25
B23: Units available for sale | J23: =+J28 -> 0 | K23: =+K28 -> 0 | L23: =+L28 -> 500 | M23: =+M28 -> 500 | N23: =+N28 -> 1200 | O23: =+O28 -> 900 | P23: =+P28 -> 700 | Q23: =+Q28 -> 1500 | ... AG23: =+AG28 -> 2300
B24: % allowance for diff. sizes etc. | J24: 0.1 | K24: =+J24 -> 0.1 | L24: =+K24 -> 0.1 | M24: =+L24 -> 0.1 | N24: =+M24 -> 0.1 | O24: =+N24 -> 0.1 | P24: =+O24 -> 0.1 | Q24: =+P24 -> 0.1 | R24: =+Q24 -> 0.1 | ... U24: =+T24 -> 0.1 | V24: 0.1 | W24: =+V24 -> 0.1 | X24: =+W24 -> 0.1 | Y24: =+X24 -> 0.1 | Z24: =+Y24 -> 0.1 | AA24: =+Z24 -> 0.1 | AB24: =+AA24 -> 0.1 | AC24: =+AB24 -> 0.1 | AD24: =+AC24 -> 0.1 | ... AG24: =+AF24 -> 0.1
B25: Maximum demand | J25: =+J16 -> 0 | K25: =+K16 -> 0 | L25: =+L16 -> 0 | M25: =+M16 -> 300 | N25: =+N16 -> 300 | O25: =+O16 -> 200 | P25: =+P16 -> 200 | Q25: =+Q16 -> 200 | ... AG25: =+AG16 -> 1200 | AJ25: =SUM(J25:U25) -> 3200 | AK25: =SUM(V25:AG25) -> 10200 | AL25: =+AL16 -> 27300 | AM25: =+AM16 -> 58305 | AN25: =+AN16 -> 124569.9
B26: Units sold | J26: =+MIN(J23*(1-J24),J25) -> 0 | K26: =+MIN(K23*(1-K24),K25) -> 0 | L26: =+MIN(L23*(1-L24),L25) -> 0 | M26: =+MIN(M23*(1-M24),M25) -> 300 | N26: =+MIN(N23*(1-N24),N25) -> 300 | O26: =+MIN(O23*(1-O24),O25) -> 200 | P26: =+MIN(P23*(1-P24),P25) -> 200 | Q26: =+MIN(Q23*(1-Q24),Q25) -> 200 | ... AG26: =+MIN(AG23*(1-AG24),AG25) -> 1200 | AJ26: =SUM(J26:U26) -> 3200 | AK26: =SUM(V26:AG26) -> 10200 | AL26: =+AL25 -> 27300 | AM26: =+AM25 -> 58305 | AN26: =+AN25 -> 124569.9
B28: Inventory - Finished Goods (units) - BoP | E28: 0 | F28: =E31 -> 0 | G28: =F31 -> 0 | H28: =G31 -> 0 | I28: =H31 -> 0 | J28: =I31 -> 0 | K28: =J31 -> 0 | L28: =K31 -> 500 | M28: =L31 -> 500 | ... AG28: =AF31 -> 2300 | AJ28: =J28 -> 0 | AK28: =AJ31 -> 800 | AL28: =AK31 -> 1100 | AM28: =AL31 -> 1991.6934 | AN28: =AM31 -> 3142.5853
B29: Units sold | E29: =+E16 -> 0 | F29: =+F16 -> 0 | G29: =+G16 -> 0 | H29: =+H16 -> 0 | I29: =+I16 -> 0 | J29: =+J26 -> 0 | K29: =+K26 -> 0 | L29: =+L26 -> 0 | M29: =+M26 -> 300 | N29: =+N26 -> 300 | O29: =+O26 -> 200 | P29: =+P26 -> 200 | Q29: =+Q26 -> 200 | ... AG29: =+AG26 -> 1200 | AJ29: =+AJ26 -> 3200 | AK29: =+AK26 -> 10200 | AL29: =+AL26 -> 27300 | AM29: =+AM26 -> 58305 | AN29: =+AN26 -> 124569.9
B30: Units produced | E30: 0 | F30: 0 | G30: 0 | H30: =+H71 -> 0 | I30: =+I71 -> 0 | J30: =+J21 -> 0 | K30: =+K21 -> 500 | L30: =+L21 -> 0 | M30: =+M21 -> 1000 | N30: =+N21 | O30: =+O21 | P30: =+P21 -> 1000 | Q30: =+Q21 | ... AG30: =+AG21 | AJ30: =+AJ21 -> 4000 | AK30: =+AK21 -> 10500 | AL30: =+AL29+AL31-AL28 -> 28191.693 | AM30: =+AM29+AM31-AM28 -> 59455.892 | AN30: =+AN29+AN31-AN28 -> 126328.25
B31: Inventory - Finished Goods (units) - EoP | E31: =E28+E30-E29 -> 0 | F31: =F28+F30-F29 -> 0 | G31: =G28+G30-G29 -> 0 | H31: =H28+H30-H29 -> 0 | I31: =I28+I30-I29 -> 0 | J31: =J28+J30-J29 -> 0 | K31: =K28+K30-K29 -> 500 | L31: =L28+L30-L29 -> 500 | ... AG31: =AG28+AG30-AG29 -> 1100 | AJ31: =AJ28+AJ30-AJ29 -> 800 | AK31: =AK28+AK30-AK29 -> 1100 | AL31: =+AK31*(1+AL115/2) -> 1991.6934 | AM31: =+AL31*(1+AM115/2) -> 3142.5853 | AN31: =+AM31*(1+AN115/2) -> 4900.9318
B33: Subscriptions
B35: Monthly churn | E35: 0 | F35: 0 | G35: 0 | H35: 0 | I35: 0 | J35: 0.1 | K35: =J35 -> 0.1 | L35: =K35 -> 0.1 | M35: =L35 -> 0.1 | N35: =M35 -> 0.1 | O35: =N35 -> 0.1 | P35: =O35 -> 0.1 | Q35: =P35 -> 0.1 | R35: =Q35 -> 0.1 | ... U35: =T35 -> 0.1 | V35: 0.1 | W35: =V35 -> 0.1 | X35: =W35 -> 0.1 | Y35: =X35 -> 0.1 | Z35: =Y35 -> 0.1 | AA35: =Z35 -> 0.1 | AB35: =AA35 -> 0.1 | AC35: =AB35 -> 0.1 | AD35: =AC35 -> 0.1 | ... AG35: =AF35 -> 0.1 | AJ35: =AVERAGE(J35:U35) -> 0.1 | AK35: =AVERAGE(V35:AG35) -> 0.1 | AL35: 0.15 | AM35: 0.15 | AN35: 0.15
B37: Active units BoP | E37: 0 | F37: =E40 -> 0 | G37: =F40 -> 0 | H37: =G40 -> 0 | I37: =H40 -> 0 | J37: =I40 -> 0 | K37: =J40 -> 0 | L37: =K40 -> 0 | M37: =L40 -> 0 | ... AG37: =AF40 -> 6855.7996 | AJ37: =J37 -> 0 | AK37: =AJ40 -> 2347.7354 | AL37: =AK40 -> 7370.2197 | AM37: =AL40 -> 16243.455 | AN37: =AM40 -> 32423.37
B38: =+B29 -> Units sold | E38: 0 | F38: 0 | G38: 0 | H38: 0 | I38: 0 | J38: =J29 -> 0 | K38: =K29 -> 0 | L38: =L29 -> 0 | M38: =M29 -> 300 | N38: =N29 -> 300 | O38: =O29 -> 200 | P38: =P29 -> 200 | Q38: =Q29 -> 200 | ... AG38: =AG29 -> 1200 | AJ38: =SUM(J38:U38) -> 3200 | AK38: =SUM(V38:AG38) -> 10200 | AL38: =AL29 -> 27300 | AM38: =AM29 -> 58305 | AN38: =AN29 -> 124569.9
B39: Churn | E39: 0 | F39: 0 | G39: 0 | H39: 0 | I39: 0 | J39: =J37*J35 -> 0 | K39: =K37*K35 -> 0 | L39: =L37*L35 -> 0 | M39: =M37*M35 -> 0 | N39: =N37*N35 -> 30 | O39: =O37*O35 -> 57 | P39: =P37*P35 -> 71.3 | Q39: =Q37*Q35 -> 84.17 | ... AG39: =AG37*AG35 -> 685.57996 | AJ39: =SUM(J39:U39) -> 852.26457 | AK39: =SUM(V39:AG39) -> 5177.5158 | AL39: =+'Churn Year 3-5'!S10 -> 18426.764 | AM39: =+'Churn Year 3-5'!S19 -> 42125.085 | AN39: =+'Churn Year 3-5'!S28 -> 84775.781
B40: Active units EoP | E40: =E37+E38-E39 -> 0 | F40: =F37+F38-F39 -> 0 | G40: =G37+G38-G39 -> 0 | H40: =H37+H38-H39 -> 0 | I40: =I37+I38-I39 -> 0 | J40: =J37+J38-J39 -> 0 | K40: =K37+K38-K39 -> 0 | L40: =L37+L38-L39 -> 0 | ... AG40: =AG37+AG38-AG39 -> 7370.2197 | AJ40: =AJ37+AJ38-AJ39 -> 2347.7354 | AK40: =AK37+AK38-AK39 -> 7370.2197 | AL40: =AL37+AL38-AL39 -> 16243.455 | AM40: =AM37+AM38-AM39 -> 32423.37 | AN40: =AN37+AN38-AN39 -> 72217.49
B42: KPIs + Financing
B44: =+B38 -> Units sold | E44: =+E38 -> 0 | F44: =+F38 -> 0 | G44: =+G38 -> 0 | H44: =+H38 -> 0 | I44: =+I38 -> 0 | J44: =+J38 -> 0 | K44: =+K38 -> 0 | L44: =+L38 -> 0 | ... AG44: =+AG38 -> 1200 | AJ44: =+AJ38 -> 3200 | AK44: =+AK38 -> 10200 | AL44: =+AL38 -> 27300 | AM44: =+AM38 -> 58305 | AN44: =+AN38 -> 124569.9
B45: Cumulative # units sold | E45: =E44 -> 0 | F45: =E45+F44 -> 0 | G45: =F45+G44 -> 0 | H45: =G45+H44 -> 0 | I45: =H45+I44 -> 0 | J45: =I45+J44 -> 0 | K45: =J45+K44 -> 0 | L45: =K45+L44 -> 0 | M45: =L45+M44 -> 300 | ... AG45: =AF45+AG44 -> 13400 | AJ45: =U45 -> 3200 | AK45: =AG45 -> 13400 | AL45: =AK45+AL44 -> 40700 | AM45: =AL45+AM44 -> 99005 | AN45: =AM45+AN44 -> 223574.9
B47: =+B40 -> Active units EoP | E47: =+E40 -> 0 | F47: =+F40 -> 0 | G47: =+G40 -> 0 | H47: =+H40 -> 0 | I47: =+I40 -> 0 | J47: =+J40 -> 0 | K47: =+K40 -> 0 | L47: =+L40 -> 0 | ... AG47: =+AG40 -> 7370.2197 | AJ47: =+AJ40 -> 2347.7354 | AK47: =+AK40 -> 7370.2197 | AL47: =+AL40 -> 16243.455 | AM47: =+AM40 -> 32423.37 | AN47: =+AN40 -> 72217.49
B48: # of units active for 3+ months | E48: 0 | F48: 0 | G48: 0 | H48: 0 | I48: 0 | J48: =G40*(1-J35)*(1-I35)*(1-H35) -> 0 | K48: =H40*(1-K35)*(1-J35)*(1-I35) -> 0 | L48: =I40*(1-L35)*(1-K35)*(1-J35) -> 0 | M48: =J40*(1-M35)*(1-L35)*(1-K35) -> 0 | N48: =K40*(1-N35)*(1-M35)*(1-L35) -> 0 | O48: =L40*(1-O35)*(1-N35)*(1-M35) -> 0 | P48: =M40*(1-P35)*(1-O35)*(1-N35) -> 218.7 | Q48: =N40*(1-Q35)*(1-P35)*(1-O35) -> 415.53 | ... AG48: =AD40*(1-AG35)*(1-AF35)*(1-AE35) -> 4118.2197 | AJ48: =U48 -> 992.73543 | AK48: =AG48 -> 4118.2197 | AL48: =+'Churn Year 3-5'!O11*(1-'Churn Year 3-5'!C10)^3 -> 7746.6125 | AM48: =+'Churn Year 3-5'!O20*(1-'Churn Year 3-5'!C19)^3 -> 17191.219 | AN48: =+'Churn Year 3-5'!O29*(1-'Churn Year 3-5'!C28)^3 -> 35641.846
B50: =+B114 -> Total revenue ($000) | E50: =+E114 -> 0 | F50: =+F114 -> 0 | G50: =+G114 -> 0 | H50: =+H114 -> 0 | I50: =+I114 -> 0 | J50: =+J114 -> 0 | K50: =+K114 -> 0 | L50: =+L114 -> 0 | ... AG50: =+AG114 -> 586.69514 | AJ50: =+AJ114 -> 1425.4477 | AK50: =+AK114 -> 4894.296 | AL50: =+AL114 -> 12829.226 | AM50: =+AM114 -> 27655.858 | AN50: =+AN114 -> 58603.994
B52: =+B220 -> Free cash flow ($000) | E52: =+E220 -> -208.33333 | F52: =+F220 -> -194.83333 | G52: =+G220 -> -205.70833 | H52: =+H220 -> -217.70833 | I52: =+I220 -> -223.70833 | J52: =+J220 -> -406.68187 | K52: =+K220 -> -465.29272 | L52: =+L220 -> -528.89075 | ... AG52: =+AG220 -> -478.30217 | AJ52: =+AJ220 -> -4994.3029 | AK52: =+AK220 -> -6040.7104 | AL52: =+AL220 -> -6890.7513 | AM52: =+AM220 -> -7579.3203 | AN52: =+AN220 -> -366.81247
B53: Fundraising ($000) Series A | L53: 0 | AJ53: =SUM(J53:U53) -> 0 | AK53: =SUM(V53:AG53) -> 0
B54: Fundraising ($000) Series B | E54: 0 | F54: 0 | G54: 0 | H54: 0 | I54: 0 | J54: 0 | K54: 0 | M54: 0 | N54: 0 | O54: 0 | P54: 0 | Q54: 0 | R54: 0 | S54: 0 | T54: 0 | V54: 0 | W54: 0 | X54: 0 | Y54: 0 | Z54: 0 | AA54: 0 | AB54: 0 | AC54: 0 | AD54: 0 | AE54: 0 | AG54: 0 | AJ54: =SUM(J54:U54) -> 0 | AK54: =SUM(V54:AG54) -> 0 | AL54: 0 | AM54: 0 | AN54: 0
B55: =+B223 -> Cash balance - EoP ($000) | E55: =+E223 -> 2791.6667 | F55: =+F223 -> 2596.8333 | G55: =+G223 -> 2391.125 | H55: =+H223 -> 2173.4167 | I55: =+I223 -> 1949.7083 | J55: =+J223 -> 1543.0265 | K55: =+K223 -> 1077.7337 | L55: =+L223 -> 548.84299 | ... AG55: =+AG223 -> -9085.305 | AJ55: =+AJ223 -> -3044.5946 | AK55: =+AK223 -> -9085.305 | AL55: =+AL223 -> -15976.056 | AM55: =+AM223 -> -23555.377 | AN55: =+AN223 -> -23922.189
E56: =+E5 -> 44804 | F56: =+F5 -> 44834 | G56: =+G5 -> 44865 | H56: =+H5 -> 44895 | I56: =+I5 -> 44926 | J56: =+J5 -> 44957 | K56: =+K5 -> 44985 | L56: =+L5 -> 45016 | ... AG56: =+AG5 -> 45657 | AJ56: =+AJ5 -> 2023 | AK56: =+AK5 -> 2024 | AL56: =+AL5 -> 2025 | AM56: =+AM5 -> 2026 | AN56: =+AN5 -> 2027
B57: Inventory
B59: Electronics
B61: Inventory (units) - BoP | E61: 0 | F61: =+E64 -> 0 | G61: =+F64 -> 0 | H61: =+G64 -> 0 | I61: =+H64 -> 0 | J61: =+I64 -> 0 | K61: =+J64 -> 1000 | L61: =+K64 -> 0 | M61: =+L64 -> 2000 | ... AG61: =+AF64 -> 0 | AJ61: =J61 -> 0 | AK61: =SUM(AJ64:AJ65) -> 4000 | AL61: =+AK64 -> 8000 | AM61: =+AL64 -> 14485.043 | AN61: =+AM64 -> 22855.166
B62: Units purchased (2 units per pair of shoes) | E62: 0 | F62: 0 | G62: 0 | H62: 0 | I62: 0 | J62: =K20*2 -> 1000 | K62: =L20*2 -> 0 | L62: =M20*2 -> 2000 | M62: =N20*2 -> 0 | N62: =O20*2 -> 0 | O62: =P20*2 -> 2000 | P62: =Q20*2 -> 0 | Q62: =R20*2 -> 0 | ... AF62: =AG20*2 -> 0 | AG62: 8000 | AJ62: =SUM(J62:U62) -> 12000 | AK62: =SUM(V62:AG62) -> 25000 | AL62: =+AL64+AL63-AL61 -> 62868.43 | AM62: =+AM64+AM63-AM61 -> 127281.91 | AN62: =+AN64+AN63-AN61 -> 265444.47
B63: Converted into finished goods | E63: 0 | F63: 0 | G63: 0 | H63: 0 | I63: 0 | J63: =+J21 -> 0 | K63: =+K21*2 -> 1000 | L63: =+L21 -> 0 | M63: =+M21*2 -> 2000 | N63: =+N21*2 -> 0 | O63: =+O21*2 -> 0 | P63: =+P21*2 -> 2000 | Q63: =+Q21*2 -> 0 | R63: =+R21*2 -> 0 | S63: =+S21*2 -> 3000 | T63: =+T21*2 -> 0 | ... AF63: =+AF21*2 -> 0 | AG63: =+AG21 | AJ63: =SUM(J63:U63) -> 8000 | AK63: =SUM(V63:AG63) -> 21000 | AL63: =+AL20*2 -> 56383.387 | AM63: =+AM20*2 -> 118911.78 | AN63: =+AN20*2 -> 252656.49
B64: Inventory (units) - EoP | E64: =E61+E62-E63 -> 0 | F64: =F61+F62-F63 -> 0 | G64: =G61+G62-G63 -> 0 | H64: =H61+H62-H63 -> 0 | I64: =I61+I62-I63 -> 0 | J64: =J61+J62-J63 -> 1000 | K64: =K61+K62-K63 -> 0 | L64: =L61+L62-L63 -> 2000 | ... AG64: =AG61+AG62-AG63 -> 8000 | AJ64: =AJ61+AJ62-AJ63 -> 4000 | AK64: =AK61+AK62-AK63 -> 8000 | AL64: =+AK64*(1+AL115/2) -> 14485.043 | AM64: =+AL64*(1+AM115/2) -> 22855.166 | AN64: =+AM64*(1+AN115/2) -> 35643.14
B66: Purchase price per unit ($) | E66: 0 | F66: 0 | G66: 0 | H66: 0 | I66: 0 | J66: 15 | K66: =J66 -> 15 | L66: =K66 -> 15 | M66: =L66 -> 15 | N66: =M66 -> 15 | O66: =N66 -> 15 | P66: =O66 -> 15 | Q66: 15 | R66: =Q66 -> 15 | S66: =R66 -> 15 | T66: =S66 -> 15 | U66: =T66 -> 15 | V66: 15 | W66: =V66 -> 15 | X66: =W66 -> 15 | Y66: =X66 -> 15 | Z66: =Y66 -> 15 | AA66: =Z66 -> 15 | AB66: =AA66 -> 15 | AC66: =AB66 -> 15 | AD66: =AC66 -> 15 | ... AG66: =AF66 -> 15 | AJ66: =AJ70*1000/AJ62 -> 15 | AK66: =AK70*1000/AK62 -> 15 | AL66: 15 | AM66: 15 | AN66: 15
B67: Avg. cost per unit converted into finished goods ($) | E67: 0 | F67: 0 | G67: 0 | H67: 0 | I67: 0 | J67: =+IF(J63=0,0,SUM(J69:J70)/SUM(J61:J62)) -> 0 | K67: =IFERROR(SUM(K69:K70)*1000/SUM(K61:K62),0) -> 15 | L67: =IFERROR(SUM(L69:L70)*1000/SUM(L61:L62),0) -> 15 | M67: =IFERROR(SUM(M69:M70)*1000/SUM(M61:M62),0) -> 15 | N67: =IFERROR(SUM(N69:N70)*1000/SUM(N61:N62),0) -> 0 | O67: =IFERROR(SUM(O69:O70)*1000/SUM(O61:O62),0) -> 15 | P67: =IFERROR(SUM(P69:P70)*1000/SUM(P61:P62),0) -> 15 | Q67: =IFERROR(SUM(Q69:Q70)*1000/SUM(Q61:Q62),0) -> 0 | R67: =IFERROR(SUM(R69:R70)*1000/SUM(R61:R62),0) -> 15 | ... AG67: =IFERROR(SUM(AG69:AG70)*1000/SUM(AG61:AG62),0) -> 15 | AJ67: =IFERROR(SUM(AJ69:AJ70)*1000/SUM(AJ61:AJ62),0) -> 15 | AK67: =IFERROR(SUM(AK69:AK70)*1000/SUM(AK61:AK62),0) -> 15 | AL67: =IFERROR(SUM(AL69:AL70)*1000/SUM(AL61:AL62),0) -> 15 | AM67: =IFERROR(SUM(AM69:AM70)*1000/SUM(AM61:AM62),0) -> 15 | AN67: =IFERROR(SUM(AN69:AN70)*1000/SUM(AN61:AN62),0) -> 15
B69: Inventory ($000) - BoP | E69: 0 | F69: =+E72 -> 0 | G69: =+F72 -> 0 | H69: =+G72 -> 0 | I69: =+H72 -> 0 | J69: =+I72 -> 0 | K69: =+J72 -> 15 | L69: =+K72 -> 0 | M69: =+L72 -> 30 | ... AG69: =+AF72 -> 0 | AJ69: =J69 -> 0 | AK69: =+AJ72 -> 60 | AL69: =+AK72 -> 120 | AM69: =+AL72 -> 217.27564 | AN69: =+AM72 -> 342.82749
B70: Inventory purchased | E70: 0 | F70: 0 | G70: 0 | H70: 0 | I70: 0 | J70: =J62*J66/1000 -> 15 | K70: =K62*K66/1000 -> 0 | L70: =L62*L66/1000 -> 30 | M70: =M62*M66/1000 -> 0 | N70: =N62*N66/1000 -> 0 | O70: =O62*O66/1000 -> 30 | P70: =P62*P66/1000 -> 0 | Q70: =Q62*Q66/1000 -> 0 | ... AG70: =AG62*AG66/1000 -> 120 | AJ70: =SUM(J70:U70) -> 180 | AK70: =SUM(V70:AG70) -> 375 | AL70: =AL62*AL66/1000 -> 943.02644 | AM70: =AM62*AM66/1000 -> 1909.2286 | AN70: =AN62*AN66/1000 -> 3981.667
B71: Converted into finished goods | E71: 0 | F71: 0 | G71: 0 | H71: 0 | I71: 0 | J71: =J67*J63/1000 -> 0 | K71: =K67*K63/1000 -> 15 | L71: =L67*L63/1000 -> 0 | M71: =M67*M63/1000 -> 30 | N71: =N67*N63/1000 -> 0 | O71: =O67*O63/1000 -> 0 | P71: =P67*P63/1000 -> 30 | Q71: =Q67*Q63/1000 -> 0 | ... AG71: =AG67*AG63/1000 -> 0 | AJ71: =SUM(J71:U71) -> 120 | AK71: =SUM(V71:AG71) -> 315 | AL71: =AL67*AL63/1000 -> 845.7508 | AM71: =AM67*AM63/1000 -> 1783.6768 | AN71: =AN67*AN63/1000 -> 3789.8474
B72: Inventory ($000) - EoP | E72: =E69+E70-E71 -> 0 | F72: =F69+F70-F71 -> 0 | G72: =G69+G70-G71 -> 0 | H72: =H69+H70-H71 -> 0 | I72: =I69+I70-I71 -> 0 | J72: =J69+J70-J71 -> 15 | K72: =K69+K70-K71 -> 0 | L72: =L69+L70-L71 -> 30 | ... AG72: =AG69+AG70-AG71 -> 120 | AJ72: =AJ69+AJ70-AJ71 -> 60 | AK72: =AK69+AK70-AK71 -> 120 | AL72: =AL69+AL70-AL71 -> 217.27564 | AM72: =AM69+AM70-AM71 -> 342.82749 | AN72: =AN69+AN70-AN71 -> 534.6471
B74: Finished goods
B76: =+B28 -> Inventory - Finished Goods (units) - BoP | E76: =+E28 -> 0 | F76: =+F28 -> 0 | G76: =+G28 -> 0 | H76: =+H28 -> 0 | I76: =+I28 -> 0 | J76: =+J28 -> 0 | K76: =+K28 -> 0 | L76: =+L28 -> 500 | ... AG76: =+AG28 -> 2300 | AJ76: =+AJ28 -> 0 | AK76: =+AK28 -> 800 | AL76: =+AL28 -> 1100 | AM76: =+AM28 -> 1991.6934 | AN76: =+AN28 -> 3142.5853
B77: =+B29 -> Units sold | E77: =+E29 -> 0 | F77: =+F29 -> 0 | G77: =+G29 -> 0 | H77: =+H29 -> 0 | I77: =+I29 -> 0 | J77: =+J29 -> 0 | K77: =+K29 -> 0 | L77: =+L29 -> 0 | ... AG77: =+AG29 -> 1200 | AJ77: =+AJ29 -> 3200 | AK77: =+AK29 -> 10200 | AL77: =+AL29 -> 27300 | AM77: =+AM29 -> 58305 | AN77: =+AN29 -> 124569.9
B78: =+B30 -> Units produced | E78: =+E30 -> 0 | F78: =+F30 -> 0 | G78: =+G30 -> 0 | H78: =+H30 -> 0 | I78: =+I30 -> 0 | J78: =+J30 -> 0 | K78: =+K30 -> 500 | L78: =+L30 -> 0 | ... AG78: =+AG30 | AJ78: =+AJ30 -> 4000 | AK78: =+AK30 -> 10500 | AL78: =+AL30 -> 28191.693 | AM78: =+AM30 -> 59455.892 | AN78: =+AN30 -> 126328.25
B79: =+B31 -> Inventory - Finished Goods (units) - EoP | E79: =+E31 -> 0 | F79: =+F31 -> 0 | G79: =+G31 -> 0 | H79: =+H31 -> 0 | I79: =+I31 -> 0 | J79: =+J31 -> 0 | K79: =+K31 -> 500 | L79: =+L31 -> 500 | ... AG79: =+AG31 -> 1100 | AJ79: =+AJ31 -> 800 | AK79: =+AK31 -> 1100 | AL79: =+AL31 -> 1991.6934 | AM79: =+AM31 -> 3142.5853 | AN79: =+AN31 -> 4900.9318
B81: Production cost per unit ($) | E81: 0 | F81: 0 | G81: 0 | H81: 0 | I81: 0 | J81: =IF(J78=0,0,VLOOKUP(J78,$B$235:$C$239,2,TRUE)) -> 0 | K81: =IF(K78=0,0,VLOOKUP(K78,$B$235:$C$239,2,TRUE)) -> 150 | L81: =IF(L78=0,0,VLOOKUP(L78,$B$235:$C$239,2,TRUE)) -> 0 | M81: =IF(M78=0,0,VLOOKUP(M78,$B$235:$C$239,2,TRUE)) -> 125 | N81: =IF(N78=0,0,VLOOKUP(N78,$B$235:$C$239,2,TRUE)) -> 0 | O81: =IF(O78=0,0,VLOOKUP(O78,$B$235:$C$239,2,TRUE)) -> 0 | P81: =IF(P78=0,0,VLOOKUP(P78,$B$235:$C$239,2,TRUE)) -> 125 | Q81: =IF(Q78=0,0,VLOOKUP(Q78,$B$235:$C$239,2,TRUE)) -> 0 | ... AG81: =IF(AG78=0,0,VLOOKUP(AG78,$B$235:$C$239,2,TRUE)) -> 0 | AJ81: =SUMPRODUCT(J81:U81,J78:U78)/SUM(J78:U78) -> 128.125 | AK81: =SUMPRODUCT(V81:AG81,V78:AG78)/SUM(V78:AG78) -> 100 | AL81: =IF(AL78=0,0,VLOOKUP(AL78/4,$B$235:$C$239,2,TRUE)) -> 75 | AM81: =IF(AM78=0,0,VLOOKUP(AM78/4,$B$235:$C$239,2,TRUE)) -> 75 | AN81: =IF(AN78=0,0,VLOOKUP(AN78/4,$B$235:$C$239,2,TRUE)) -> 75
B83: Inventory ($000) - BoP | E83: 0 | F83: =+E96 -> 0 | G83: =+F96 -> 0 | H83: =+G96 -> 0 | I83: =+H96 -> 0 | J83: =+I96 -> 0 | K83: =+J96 -> 0 | L83: =+K96 -> 90 | M83: =+L96 -> 90 | ... AG83: =+AF96 -> 299.02575 | AJ83: =+AI96 | AK83: =+AJ96 -> 124.18519 | AL83: =+AK96 -> 143.01231 | AM83: =+AL96 -> 179.2524 | AN83: =+AM96 -> 282.83268
B85: Avg. cost per unit available for sale ($) | J85: =IFERROR(J83*1000/J76,0) -> 0 | K85: =IFERROR(K83*1000/K76,0) -> 0 | L85: =IFERROR(L83*1000/L76,0) -> 180 | M85: =IFERROR(M83*1000/M76,0) -> 180 | N85: =IFERROR(N83*1000/N76,0) -> 159.16667 | O85: =IFERROR(O83*1000/O76,0) -> 159.16667 | P85: =IFERROR(P83*1000/P76,0) -> 159.16667 | Q85: =IFERROR(Q83*1000/Q76,0) -> 156.38889 | ... AG85: =IFERROR(AG83*1000/AG76,0) -> 130.01119 | AL85: =+AL81+AL67 -> 90 | AM85: =+AM81+AM67 -> 90 | AN85: =+AN81+AN67 -> 90
B86: COGS Product ($000) | J86: =+J77*J85/1000 -> 0 | K86: =+K77*K85/1000 -> 0 | L86: =+L77*L85/1000 -> 0 | M86: =+M77*M85/1000 -> 54 | N86: =+N77*N85/1000 -> 47.75 | O86: =+O77*O85/1000 -> 31.833333 | P86: =+P77*P85/1000 -> 31.833333 | Q86: =+Q77*Q85/1000 -> 31.277778 | ... AG86: =+AG77*AG85/1000 -> 156.01343 | AJ86: =+SUM(J86:U86) -> 508.31481 | AK86: =+SUM(V86:AG86) -> 1346.1729 | AL86: =+AL77*AL85/1000 -> 2457 | AM86: =+AM77*AM85/1000 -> 5247.45 | AN86: =+AN77*AN85/1000 -> 11211.291
B88: Cost of electronics | E88: 0 | F88: 0 | G88: 0 | H88: 0 | I88: 0 | J88: =+J71 -> 0 | K88: =+K71 -> 15 | L88: =+L71 -> 0 | M88: =+M71 -> 30 | N88: =+N71 -> 0 | O88: =+O71 -> 0 | P88: =+P71 -> 30 | Q88: =+Q71 -> 0 | ... AG88: =+AG71 -> 0 | AJ88: =+SUM(J88:U88) -> 120 | AK88: =+SUM(V88:AG88) -> 315 | AL88: =+SUM(L88:W88) -> 165 | AM88: =+SUM(M88:X88) -> 165 | AN88: =+SUM(N88:Y88) -> 210
B89: Production costs | E89: =+E81*E78/1000 -> 0 | F89: =+F81*F78/1000 -> 0 | G89: =+G81*G78/1000 -> 0 | H89: =+H81*H78/1000 -> 0 | I89: =+I81*I78/1000 -> 0 | J89: =+J81*J78/1000 -> 0 | K89: =+K81*K78/1000 -> 75 | L89: =+L81*L78/1000 -> 0 | ... AG89: =+AG81*AG78/1000 -> 0 | AJ89: =+SUM(J89:U89) -> 512.5 | AK89: =+SUM(V89:AG89) -> 1050 | AL89: =+AL78*AL81/1000 -> 2114.377 | AM89: =+AM78*AM81/1000 -> 4459.1919 | AN89: =+AN78*AN81/1000 -> 9474.6185
B90: Inventory produced ($000) | E90: =+E88+E89 -> 0 | F90: =+F88+F89 -> 0 | G90: =+G88+G89 -> 0 | H90: =+H88+H89 -> 0 | I90: =+I88+I89 -> 0 | J90: =+J88+J89 -> 0 | K90: =+K88+K89 -> 90 | L90: =+L88+L89 -> 0 | ... AG90: =+AG88+AG89 -> 0 | AJ90: =+SUM(J90:U90) -> 632.5 | AK90: =+SUM(V90:AG90) -> 1365 | AL90: =+AL88+AL89 -> 2279.377 | AM90: =+AM88+AM89 -> 4624.1919 | AN90: =+AN88+AN89 -> 9684.6185
B93: Inventory ($000) - BoP | E93: 0 | F93: =+E96 -> 0 | G93: =+F96 -> 0 | H93: =+G96 -> 0 | I93: =+H96 -> 0 | J93: =+I96 -> 0 | K93: =+J96 -> 0 | L93: =+K96 -> 90 | M93: =+L96 -> 90 | ... AG93: =+AF96 -> 299.02575 | AJ93: =+AJ83 | AK93: =+AK83 -> 124.18519 | AL93: =+AL83 -> 143.01231 | AM93: =+AM83 -> 179.2524 | AN93: =+AN83 -> 282.83268
B94: =B86 -> COGS Product ($000) | E94: =+E86 | F94: =+F86 | G94: =+G86 | H94: =+H86 | I94: =+I86 | J94: =+J86 -> 0 | K94: =+K86 -> 0 | L94: =+L86 -> 0 | ... AG94: =+AG86 -> 156.01343 | AJ94: =+AJ86 -> 508.31481 | AK94: =+AK86 -> 1346.1729 | AL94: =+AL93+AL95-AL96 -> 2243.1369 | AM94: =+AM93+AM95-AM96 -> 4520.6116 | AN94: =+AN93+AN95-AN96 -> 9526.3673
B95: Inventory produced ($000) | E95: =+E90 -> 0 | F95: =+F90 -> 0 | G95: =+G90 -> 0 | H95: =+H90 -> 0 | I95: =+I90 -> 0 | J95: =+J90 -> 0 | K95: =+K90 -> 90 | L95: =+L90 -> 0 | ... AG95: =+AG90 -> 0 | AJ95: =+AJ90 -> 632.5 | AK95: =+AK90 -> 1365 | AL95: =+AL90 -> 2279.377 | AM95: =+AM90 -> 4624.1919 | AN95: =+AN90 -> 9684.6185
B96: Inventory ($000) - EoP | E96: =+E93-E94+E95 -> 0 | F96: =+F93-F94+F95 -> 0 | G96: =+G93-G94+G95 -> 0 | H96: =+H93-H94+H95 -> 0 | I96: =+I93-I94+I95 -> 0 | J96: =+J93-J94+J95 -> 0 | K96: =+K93-K94+K95 -> 90 | L96: =+L93-L94+L95 -> 90 | ... AG96: =+AG93-AG94+AG95 -> 143.01231 | AJ96: =+AJ93-AJ94+AJ95 -> 124.18519 | AK96: =+AK93-AK94+AK95 -> 143.01231 | AL96: =+(AL81+AL67)*AL79/1000 -> 179.2524 | AM96: =+(AM81+AM67)*AM79/1000 -> 282.83268 | AN96: =+(AN81+AN67)*AN79/1000 -> 441.08386
B98: Revenue
AL99: =+AL10*1/4*100%+AL10*1/4*75%+AL10*1/4*50%+AL10*1/4*25% -> 7.5
B100: Hardware revenue
B102: Units sold | E102: =E29 -> 0 | F102: =F29 -> 0 | G102: =G29 -> 0 | H102: =H29 -> 0 | I102: =I29 -> 0 | J102: =J29 -> 0 | K102: =K29 -> 0 | L102: =L29 -> 0 | ... AG102: =AG29 -> 1200 | AJ102: =SUM(J102:U102) -> 3200 | AK102: =SUM(V102:AG102) -> 10200 | AL102: =AL29 -> 27300 | AM102: =AM29 -> 58305 | AN102: =AN29 -> 124569.9
B103: ASP/Unit | E103: 0 | F103: 0 | G103: 0 | H103: 0 | I103: 0 | J103: 400 | K103: =J103 -> 400 | L103: =K103 -> 400 | M103: =L103 -> 400 | N103: =M103 -> 400 | O103: =N103 -> 400 | P103: =O103 -> 400 | Q103: =P103 -> 400 | R103: =Q103 -> 400 | ... U103: =T103 -> 400 | V103: 400 | W103: =V103 -> 400 | X103: =W103 -> 400 | Y103: =X103 -> 400 | Z103: =Y103 -> 400 | AA103: =Z103 -> 400 | AB103: =AA103 -> 400 | AC103: =AB103 -> 400 | AD103: =AC103 -> 400 | ... AG103: =AF103 -> 400 | AJ103: =AJ104/AJ102*1000 -> 400 | AK103: =AK104/AK102*1000 -> 400 | AL103: 400 | AM103: 400 | AN103: 400
B104: Hardware revenue ($000) | E104: =E102*E103/1000 -> 0 | F104: =F102*F103/1000 -> 0 | G104: =G102*G103/1000 -> 0 | H104: =H102*H103/1000 -> 0 | I104: =I102*I103/1000 -> 0 | J104: =J102*J103/1000 -> 0 | K104: =K102*K103/1000 -> 0 | L104: =L102*L103/1000 -> 0 | ... AG104: =AG102*AG103/1000 -> 480 | AJ104: =SUM(J104:U104) -> 1280 | AK104: =SUM(V104:AG104) -> 4080 | AL104: =AL102*AL103/1000 -> 10920 | AM104: =AM102*AM103/1000 -> 23322 | AN104: =AN102*AN103/1000 -> 49827.96
B105: as % of total sales | E105: =IFERROR(E104/E$114,0) -> 0 | F105: =IFERROR(F104/F$114,0) -> 0 | G105: =IFERROR(G104/G$114,0) -> 0 | H105: =IFERROR(H104/H$114,0) -> 0 | I105: =IFERROR(I104/I$114,0) -> 0 | J105: =IFERROR(J104/J$114,0) -> 0 | K105: =IFERROR(K104/K$114,0) -> 0 | L105: =IFERROR(L104/L$114,0) -> 0 | ... AG105: =IFERROR(AG104/AG$114,0) -> 0.8181421 | AJ105: =IFERROR(AJ104/AJ$114,0) -> 0.8979635 | AK105: =IFERROR(AK104/AK$114,0) -> 0.83362347 | AL105: =IFERROR(AL104/AL$114,0) -> 0.85118153 | AM105: =IFERROR(AM104/AM$114,0) -> 0.84329331 | AN105: =IFERROR(AN104/AN$114,0) -> 0.85024853
B107: Average active units | E107: =AVERAGE(E37,E40) -> 0 | F107: =AVERAGE(F37,F40) -> 0 | G107: =AVERAGE(G37,G40) -> 0 | H107: =AVERAGE(H37,H40) -> 0 | I107: =AVERAGE(I37,I40) -> 0 | J107: =AVERAGE(J37,J40) -> 0 | K107: =AVERAGE(K37,K40) -> 0 | L107: =AVERAGE(L37,L40) -> 0 | ... AG107: =AVERAGE(AG37,AG40) -> 7113.0097 | AJ107: =AVERAGE(J107:U107) -> 808.04278 | AK107: =AVERAGE(V107:AG107) -> 4523.8666 | AL107: ='Churn Year 3-5'!T13 -> 10606.809 | AM107: ='Churn Year 3-5'!T22 -> 24076.988 | AN107: ='Churn Year 3-5'!T31 -> 48755.744
B108: Subscription/unit | E108: 0 | F108: 0 | G108: 0 | H108: 0 | I108: 0 | J108: 15 | K108: =J108 -> 15 | L108: =K108 -> 15 | M108: =L108 -> 15 | N108: =M108 -> 15 | O108: =N108 -> 15 | P108: =O108 -> 15 | Q108: =P108 -> 15 | R108: =Q108 -> 15 | ... U108: =T108 -> 15 | V108: 15 | W108: =V108 -> 15 | X108: =W108 -> 15 | Y108: =X108 -> 15 | Z108: =Y108 -> 15 | AA108: =Z108 -> 15 | AB108: =AA108 -> 15 | AC108: =AB108 -> 15 | AD108: =AC108 -> 15 | ... AG108: =AF108 -> 15 | AJ108: =AJ109*1000/AJ107 -> 180 | AK108: =AK109*1000/AK107 -> 180 | AL108: 180 | AM108: 180 | AN108: 180
B109: Subscription revenue ($000) | E109: =E107*E108/1000 -> 0 | F109: =F107*F108/1000 -> 0 | G109: =G107*G108/1000 -> 0 | H109: =H107*H108/1000 -> 0 | I109: =I107*I108/1000 -> 0 | J109: =J107*J108/1000 -> 0 | K109: =K107*K108/1000 -> 0 | L109: =L107*L108/1000 -> 0 | ... AG109: =AG107*AG108/1000 -> 106.69514 | AJ109: =SUM(J109:U109) -> 145.4477 | AK109: =SUM(V109:AG109) -> 814.29599 | AL109: =AL107*AL108/1000 -> 1909.2257 | AM109: =AM107*AM108/1000 -> 4333.8579 | AN109: =AN107*AN108/1000 -> 8776.034
B110: as % of total sales | E110: =IFERROR(E109/E$114,0) -> 0 | F110: =IFERROR(F109/F$114,0) -> 0 | G110: =IFERROR(G109/G$114,0) -> 0 | H110: =IFERROR(H109/H$114,0) -> 0 | I110: =IFERROR(I109/I$114,0) -> 0 | J110: =IFERROR(J109/J$114,0) -> 0 | K110: =IFERROR(K109/K$114,0) -> 0 | L110: =IFERROR(L109/L$114,0) -> 0 | ... AG110: =IFERROR(AG109/AG$114,0) -> 0.1818579 | AJ110: =IFERROR(AJ109/AJ$114,0) -> 0.1020365 | AK110: =IFERROR(AK109/AK$114,0) -> 0.16637653 | AL110: =IFERROR(AL109/AL$114,0) -> 0.14881847 | AM110: =IFERROR(AM109/AM$114,0) -> 0.15670669 | AN110: =IFERROR(AN109/AN$114,0) -> 0.14975147
B112: Income statement ($000)
B114: Total revenue ($000) | E114: =E104+E109 -> 0 | F114: =F104+F109 -> 0 | G114: =G104+G109 -> 0 | H114: =H104+H109 -> 0 | I114: =I104+I109 -> 0 | J114: =J104+J109 -> 0 | K114: =K104+K109 -> 0 | L114: =L104+L109 -> 0 | ... AG114: =AG104+AG109 -> 586.69514 | AJ114: =SUM(J114:U114) -> 1425.4477 | AK114: =SUM(V114:AG114) -> 4894.296 | AL114: =AL104+AL109 -> 12829.226 | AM114: =AM104+AM109 -> 27655.858 | AN114: =AN104+AN109 -> 58603.994
B115: MoM / YoY growth | F115: =IFERROR(F114/E114-1,0) -> 0 | G115: =IFERROR(G114/F114-1,0) -> 0 | H115: =IFERROR(H114/G114-1,0) -> 0 | I115: =IFERROR(I114/H114-1,0) -> 0 | J115: =IFERROR(J114/I114-1,0) -> 0 | K115: =IFERROR(K114/J114-1,0) -> 0 | L115: =IFERROR(L114/K114-1,0) -> 0 | M115: =IFERROR(M114/L114-1,0) -> 0 | ... AG115: =IFERROR(AG114/AF114-1,0) -> 0.014078267 | AK115: =AK114/AJ114-1 -> 2.433515 | AL115: =AL114/AK114-1 -> 1.6212607 | AM115: =AM114/AL114-1 -> 1.1556919 | AN115: =AN114/AM114-1 -> 1.1190445
B117: Returns | J117: =+J118*J104 -> 0 | K117: =+K118*K104 -> 0 | L117: =+L118*L104 -> 0 | M117: =+M118*M104 -> 12 | N117: =+N118*N104 -> 12 | O117: =+O118*O104 -> 8 | P117: =+P118*P104 -> 8 | Q117: =+Q118*Q104 -> 8 | ... AG117: =+AG118*AG104 -> 48 | AJ117: =SUM(J117:U117) -> 128 | AK117: =+AK118*AK104 -> 408 | AL117: =+AL118*AL104 -> 1092 | AM117: =+AM118*AM104 -> 2332.2 | AN117: =+AN118*AN104 -> 4982.796
B118: as % of hardware revenue | J118: 0.1 | K118: =+J118 -> 0.1 | L118: =+K118 -> 0.1 | M118: =+L118 -> 0.1 | N118: =+M118 -> 0.1 | O118: =+N118 -> 0.1 | P118: =+O118 -> 0.1 | Q118: =+P118 -> 0.1 | R118: =+Q118 -> 0.1 | ... AG118: =+AF118 -> 0.1 | AJ118: =+AG118 -> 0.1 | AK118: =+AJ118 -> 0.1 | AL118: =+AK118 -> 0.1 | AM118: =+AL118 -> 0.1 | AN118: =+AM118 -> 0.1
B120: Credit card Transaction fees | J120: =+(J114+J117)*J121 -> 0 | K120: =+(K114+K117)*K121 -> 0 | L120: =+(L114+L117)*L121 -> 0 | M120: =+(M114+M117)*M121 -> 2.685 | N120: =+(N114+N117)*N121 -> 2.7705 | O120: =+(O114+O117)*O121 -> 1.95245 | P120: =+(P114+P117)*P121 -> 1.993205 | Q120: =+(Q114+Q117)*Q121 -> 2.0298845 | ... AG120: =+(AG114+AG117)*AG121 -> 12.693903 | AJ120: =SUM(J120:U120) -> 31.068954 | AK120: =+(AK114+AK117)*AK121 -> 106.04592 | AL120: =+(AL114+AL117)*AL121 -> 278.42451 | AM120: =+(AM114+AM117)*AM121 -> 599.76116 | AN120: =+(AN114+AN117)*AN121 -> 1271.7358
B121: as % of total revenues plus returns | J121: 0.02 | K121: =+J121 -> 0.02 | L121: =+K121 -> 0.02 | M121: =+L121 -> 0.02 | N121: =+M121 -> 0.02 | O121: =+N121 -> 0.02 | P121: =+O121 -> 0.02 | Q121: =+P121 -> 0.02 | R121: =+Q121 -> 0.02 | ... AG121: =+AF121 -> 0.02 | AJ121: =+J121 -> 0.02 | AK121: =+K121 -> 0.02 | AL121: =+L121 -> 0.02 | AM121: =+M121 -> 0.02 | AN121: =+N121 -> 0.02
B123: Sales Commission | J123: =+J124*J125/1000 -> 0 | K123: =+K124*K125/1000 -> 0 | L123: =+L124*L125/1000 -> 0 | M123: =+M124*M125/1000 -> 12 | N123: =+N124*N125/1000 -> 12 | O123: =+O124*O125/1000 -> 8 | P123: =+P124*P125/1000 -> 8 | Q123: =+Q124*Q125/1000 -> 8 | ... AG123: =+AG124*AG125/1000 -> 48 | AJ123: =SUM(J123:U123) -> 128 | AK123: =SUM(V123:AG123) -> 408 | AL123: =+AL124*AL125/1000 -> 1092 | AM123: =+AM124*AM125/1000 -> 2332.2 | AN123: =+AN124*AN125/1000 -> 4982.796
B124: =+B129 -> units sold | J124: =+J102 -> 0 | K124: =+K102 -> 0 | L124: =+L102 -> 0 | M124: =+M102 -> 300 | N124: =+N102 -> 300 | O124: =+O102 -> 200 | P124: =+P102 -> 200 | Q124: =+Q102 -> 200 | ... AG124: =+AG102 -> 1200 | AJ124: =SUM(J124:U124) -> 3200 | AK124: =SUM(V124:AG124) -> 10200 | AL124: =+AL102 -> 27300 | AM124: =+AM102 -> 58305 | AN124: =+AN102 -> 124569.9
B125: sales commission per unit sold | E125: 0 | F125: 0 | G125: 0 | H125: 0 | I125: 0 | J125: =10%*J103 -> 40 | K125: =J125 -> 40 | L125: =K125 -> 40 | M125: =L125 -> 40 | N125: =M125 -> 40 | O125: =N125 -> 40 | P125: =O125 -> 40 | Q125: =P125 -> 40 | R125: =Q125 -> 40 | ... AG125: =AF125 -> 40 | AJ125: =SUMPRODUCT(J125:U125,J102:U102)/SUM(J102:U102) -> 40 | AK125: =SUMPRODUCT(V125:AG125,V102:AG102)/SUM(V102:AG102) -> 40 | AL125: =+AK125 -> 40 | AM125: =+AL125 -> 40 | AN125: =+AM125 -> 40
B127: COGS - Product ($000) | E127: 0 | F127: 0 | G127: 0 | H127: 0 | I127: 0 | J127: =+J94 -> 0 | K127: =+K94 -> 0 | L127: =+L94 -> 0 | M127: =+M94 -> 54 | N127: =+N94 -> 47.75 | O127: =+O94 -> 31.833333 | P127: =+P94 -> 31.833333 | Q127: =+Q94 -> 31.277778 | ... AG127: =+AG94 -> 156.01343 | AJ127: =SUM(J127:U127) -> 508.31481 | AK127: =SUM(V127:AG127) -> 1346.1729 | AL127: =+AL94 -> 2243.1369 | AM127: =+AM94 -> 4520.6116 | AN127: =+AN94 -> 9526.3673
B128: as a % of hardware sales | E128: =IFERROR(E127/E$104,0) -> 0 | F128: =IFERROR(F127/F$104,0) -> 0 | G128: =IFERROR(G127/G$104,0) -> 0 | H128: =IFERROR(H127/H$104,0) -> 0 | I128: =IFERROR(I127/I$104,0) -> 0 | J128: =IFERROR(J127/J$104,0) -> 0 | K128: =IFERROR(K127/K$104,0) -> 0 | L128: =IFERROR(L127/L$104,0) -> 0 | ... AG128: =IFERROR(AG127/AG$104,0) -> 0.32502799 | AJ128: =IFERROR(AJ127/AJ$114,0) -> 0.35660012 | AK128: =IFERROR(AK127/AK$114,0) -> 0.27504934 | AL128: =IFERROR(AL127/AL$114,0) -> 0.17484585 | AM128: =IFERROR(AM127/AM$114,0) -> 0.16345946 | AN128: =IFERROR(AN127/AN$114,0) -> 0.16255492
B129: units sold | E129: =E102 -> 0 | F129: =F102 -> 0 | G129: =G102 -> 0 | H129: =H102 -> 0 | I129: =I102 -> 0 | J129: =+J77 -> 0 | K129: =+K77 -> 0 | L129: =+L77 -> 0 | M129: =+M77 -> 300 | N129: =+N77 -> 300 | O129: =+O77 -> 200 | P129: =+P77 -> 200 | Q129: =+Q77 -> 200 | ... AG129: =+AG77 -> 1200 | AJ129: =SUM(J129:U129) -> 3200 | AK129: =SUM(V129:AG129) -> 10200 | AL129: =AL102 -> 27300 | AM129: =AM102 -> 58305 | AN129: =AN102 -> 124569.9
B130: inventory cost per unit sold | E130: 0 | F130: 0 | G130: 0 | H130: 0 | I130: 0 | J130: =+J85 -> 0 | K130: =+K85 -> 0 | L130: =+L85 -> 180 | M130: =+M85 -> 180 | N130: =+N85 -> 159.16667 | O130: =+O85 -> 159.16667 | P130: =+P85 -> 159.16667 | Q130: =+Q85 -> 156.38889 | ... AG130: =+AG85 -> 130.01119 | AJ130: =AJ127*1000/AJ129-AJ125 -> 118.84838 | AK130: =AK127*1000/AK129-AK125 -> 91.977733 | AL130: =+AL127/AL129*1000 -> 82.166187 | AM130: =+AM127/AM129*1000 -> 77.533859 | AN130: =+AN127/AN129*1000 -> 76.47407
B132: COGS - Subscription ($000) | E132: 0 | F132: 0 | G132: 0 | H132: 0 | I132: 0 | J132: =J135*J134/1000 -> 0 | K132: =K135*K134/1000 -> 0 | L132: =L135*L134/1000 -> 0 | M132: =M135*M134/1000 -> 0.45 | N132: =N135*N134/1000 -> 1.305 | O132: =O135*O134/1000 -> 1.9245 | P132: =P135*P134/1000 -> 2.33205 | Q132: =Q135*Q134/1000 -> 2.698845 | ... AG132: =AG135*AG134/1000 -> 21.339029 | AJ132: =SUM(J132:U132) -> 29.08954 | AK132: =SUM(V132:AG132) -> 162.8592 | AL132: =AL135*AL107/1000 -> 381.84514 | AM132: =AM135*AM107/1000 -> 866.77157 | AN132: =AN135*AN107/1000 -> 1755.2068
B133: as a % of subscription sales | E133: =IFERROR(E132/E$109,0) -> 0 | F133: =IFERROR(F132/F$109,0) -> 0 | G133: =IFERROR(G132/G$109,0) -> 0 | H133: =IFERROR(H132/H$109,0) -> 0 | I133: =IFERROR(I132/I$109,0) -> 0 | J133: =IFERROR(J132/J$109,0) -> 0 | K133: =IFERROR(K132/K$114,0) -> 0 | L133: =IFERROR(L132/L$114,0) -> 0 | M133: =IFERROR(M132/M$114,0) -> 0.0036809816 | N133: =IFERROR(N132/N$114,0) -> 0.010314167 | O133: =IFERROR(O132/O$114,0) -> 0.021473402 | P133: =IFERROR(P132/P$114,0) -> 0.025442326 | Q133: =IFERROR(Q132/Q$114,0) -> 0.028866435 | R133: =IFERROR(R132/R$114,0) -> 0.016002961 | ... AG133: =IFERROR(AG132/AG$114,0) -> 0.036371579 | AJ133: =IFERROR(AJ132/AJ$114,0) -> 0.020407301 | AK133: =IFERROR(AK132/AK$114,0) -> 0.033275306 | AL133: =IFERROR(AL132/AL$114,0) -> 0.029763693 | AM133: =IFERROR(AM132/AM$114,0) -> 0.031341337 | AN133: =IFERROR(AN132/AN$114,0) -> 0.029950293
B134: average active units | E134: =E107 -> 0 | F134: =F107 -> 0 | G134: =G107 -> 0 | H134: =H107 -> 0 | I134: =I107 -> 0 | J134: =J107 -> 0 | K134: =K107 -> 0 | L134: =L107 -> 0 | ... AG134: =AG107 -> 7113.0097 | AJ134: =AVERAGE(J134:U134) -> 808.04278 | AK134: =AVERAGE(V134:AG134) -> 4523.8666 | AL134: =AL107 -> 10606.809 | AM134: =AM107 -> 24076.988 | AN134: =AN107 -> 48755.744
B135: cost per unit | E135: 0 | F135: 0 | G135: 0 | H135: 0 | I135: 0 | J135: 3 | K135: =J135 -> 3 | L135: =K135 -> 3 | M135: =L135 -> 3 | N135: =M135 -> 3 | O135: =N135 -> 3 | P135: =O135 -> 3 | Q135: =P135 -> 3 | R135: =Q135 -> 3 | ... AG135: =AF135 -> 3 | AJ135: =AJ132*1000/AJ134 -> 36 | AK135: =AK132*1000/AK134 -> 36 | AL135: =AK135 -> 36 | AM135: =AL135 -> 36 | AN135: =AM135 -> 36
B137: Gross profit ($000) | E137: =E114-E127-E132 -> 0 | F137: =F114-F127-F132 -> 0 | G137: =G114-G127-G132 -> 0 | H137: =H114-H127-H132 -> 0 | I137: =I114-I127-I132 -> 0 | J137: =J114-J117-J120-J123-J127-J132 -> 0 | K137: =K114-K117-K120-K123-K127-K132 -> 0 | L137: =L114-L117-L120-L123-L127-L132 -> 0 | M137: =M114-M117-M120-M123-M127-M132 -> 41.115 | N137: =N114-N117-N120-N123-N127-N132 -> 50.6995 | O137: =O114-O117-O120-O123-O127-O132 -> 37.912217 | P137: =P114-P117-P120-P123-P127-P132 -> 39.501662 | Q137: =Q114-Q117-Q120-Q123-Q127-Q132 -> 41.487718 | ... AG137: =AG114-AG117-AG120-AG123-AG127-AG132 -> 300.64878 | AJ137: =AJ114-AJ117-AJ120-AJ123-AJ127-AJ132 -> 600.97439 | AK137: =AK114-AK117-AK120-AK123-AK127-AK132 -> 2463.218 | AL137: =AL114-AL117-AL120-AL123-AL127-AL132 -> 7741.8191 | AM137: =AM114-AM117-AM120-AM123-AM127-AM132 -> 17004.314 | AN137: =AN114-AN117-AN120-AN123-AN127-AN132 -> 36085.092
B138: Gross Margin | E138: =IFERROR(E137/E$114,0) -> 0 | F138: =IFERROR(F137/F$114,0) -> 0 | G138: =IFERROR(G137/G$114,0) -> 0 | H138: =IFERROR(H137/H$114,0) -> 0 | I138: =IFERROR(I137/I$114,0) -> 0 | J138: =IFERROR(J137/J$114,0) -> 0 | K138: =IFERROR(K137/K$114,0) -> 0 | L138: =IFERROR(L137/L$114,0) -> 0 | ... AG138: =IFERROR(AG137/AG$114,0) -> 0.51244464 | AJ138: =IFERROR(AJ137/AJ$114,0) -> 0.42160396 | AK138: =IFERROR(AK137/AK$114,0) -> 0.50328342 | AL138: =IFERROR(AL137/AL$114,0) -> 0.60345178 | AM138: =IFERROR(AM137/AM$114,0) -> 0.61485395 | AN138: =IFERROR(AN137/AN$114,0) -> 0.61574459
B140: Salesforce salaries | E140: 0 | F140: 0 | G140: 0 | H140: 0 | I140: 0 | J140: =J142*AVERAGE(J9,J12) -> 18.75 | K140: =K142*AVERAGE(K9,K12) -> 37.5 | L140: =L142*AVERAGE(L9,L12) -> 37.5 | M140: =M142*AVERAGE(M9,M12) -> 37.5 | N140: =N142*AVERAGE(N9,N12) -> 37.5 | O140: =O142*AVERAGE(O9,O12) -> 50 | P140: =P142*AVERAGE(P9,P12) -> 62.5 | Q140: =Q142*AVERAGE(Q9,Q12) -> 62.5 | ... AG140: =AG142*AVERAGE(AG9,AG12) -> 180.25 | AJ140: =SUM(J140:U140) -> 625 | AK140: =SUM(V140:AG140) -> 1648 | AL140: =AL142*AVERAGE(AL9,AL12) -> 3023.565 | AM140: =AM142*AVERAGE(AM9,AM12) -> 5081.1806 | AN140: =AN142*AVERAGE(AN9,AN12) -> 8610.1424
B141: as % of sales | E141: =IFERROR(E140/E$114,0) -> 0 | F141: =IFERROR(F140/F$114,0) -> 0 | G141: =IFERROR(G140/G$114,0) -> 0 | H141: =IFERROR(H140/H$114,0) -> 0 | I141: =IFERROR(I140/I$114,0) -> 0 | J141: =IFERROR(J140/J$114,0) -> 0 | K141: =IFERROR(K140/K$114,0) -> 0 | L141: =IFERROR(L140/L$114,0) -> 0 | ... AG141: =IFERROR(AG140/AG$114,0) -> 0.3072294 | AJ141: =IFERROR(AJ140/AJ$114,0) -> 0.43845874 | AK141: =IFERROR(AK140/AK$114,0) -> 0.3367185 | AL141: =IFERROR(AL140/AL$114,0) -> 0.2356779 | AM141: =IFERROR(AM140/AM$114,0) -> 0.18372891 | AN141: =IFERROR(AN140/AN$114,0) -> 0.14692074
...

Sheet Churn Year 3-5
B2: Churn Projections Year 3-5
F4: December prior year | G4: January | H4: February | I4: March | J4: April | K4: May | L4: June | M4: July | N4: August | O4: September | P4: October | Q4: November | R4: December | S4: Annual | T4: Monthly Average
B6: Year 3
E8: =+Model!B37 -> Active units BoP | F8: =+Model!AG37 -> 6855.7996 | G8: =+F11 -> 7370.2197 | H8: =+G11 -> 7578.8883 | I8: =+H11 -> 7881.3264 | J8: =+I11 -> 8275.3713 | K8: =+J11 -> 8760.3174 | L8: =+K11 -> 9336.8053 | M8: =+L11 -> 10006.738 | N8: =+M11 -> 10773.222 | ... R8: =+Q11 -> 14907.222 | S8: =+F11 -> 7370.2197 | T8: =+AVERAGE(G8:R8) -> 10237.091
B9: MoM growth rate new customers | C9: =+RATE(12,-F9,0,S9,1) -> 0.095167939 | E9: =+Model!B38 -> Units sold | F9: =+Model!AG38 -> 1200 | G9: =+F9*(1+$C9) -> 1314.2015 | H9: =+G9*(1+$C9) -> 1439.2714 | I9: =+H9*(1+$C9) -> 1576.2439 | J9: =+I9*(1+$C9) -> 1726.2518 | K9: =+J9*(1+$C9) -> 1890.5356 | L9: =+K9*(1+$C9) -> 2070.4539 | M9: =+L9*(1+$C9) -> 2267.4948 | N9: =+M9*(1+$C9) -> 2483.2876 | ... R9: =+Q9*(1+$C9) -> 3572.3163 | S9: =+Model!AL29 -> 27300 | T9: =+AVERAGE(G9:R9) -> 2275
B10: Churn rate | C10: =+Model!AL35 -> 0.15 | E10: =+Model!B39 -> Churn | F10: =+Model!AG39 -> 685.57996 | G10: =+$C10*G8 -> 1105.533 | H10: =+$C10*H8 -> 1136.8332 | I10: =+$C10*I8 -> 1182.199 | J10: =+$C10*J8 -> 1241.3057 | K10: =+$C10*K8 -> 1314.0476 | L10: =+$C10*L8 -> 1400.5208 | M10: =+$C10*M8 -> 1501.0108 | N10: =+$C10*N8 -> 1615.9834 | ... R10: =+$C10*R8 -> 2236.0834 | S10: =+SUM(G10:R10) -> 18426.764 | T10: =+AVERAGE(G10:R10) -> 1535.5637
E11: =+Model!B40 -> Active units EoP | F11: =+F8+F9-F10 -> 7370.2197 | G11: =+G8+G9-G10 -> 7578.8883 | H11: =+H8+H9-H10 -> 7881.3264 | I11: =+I8+I9-I10 -> 8275.3713 | J11: =+J8+J9-J10 -> 8760.3174 | K11: =+K8+K9-K10 -> 9336.8053 | L11: =+L8+L9-L10 -> 10006.738 | M11: =+M8+M9-M10 -> 10773.222 | ... S11: =+S8+S9-S10 -> 16243.455 | T11: =+AVERAGE(G11:R11) -> 10976.528
E13: Average active units | F13: =AVERAGE(F8,F11) -> 7113.0097 | G13: =AVERAGE(G8,G11) -> 7474.554 | H13: =AVERAGE(H8,H11) -> 7730.1073 | I13: =AVERAGE(I8,I11) -> 8078.3489 | J13: =AVERAGE(J8,J11) -> 8517.8443 | K13: =AVERAGE(K8,K11) -> 9048.5613 | L13: =AVERAGE(L8,L11) -> 9671.7719 | M13: =AVERAGE(M8,M11) -> 10389.98 | ... R13: =AVERAGE(R8,R11) -> 15575.339 | S13: =+AVERAGE(G13:R13) -> 10606.809 | T13: =+AVERAGE(G13:R13) -> 10606.809
B15: Year 4
E17: =+E8 -> Active units BoP | F17: =+R8 -> 14907.222 | G17: =+F20 -> 16243.455 | H17: =+G20 -> 17545.289 | I17: =+H20 -> 18825.601 | J17: =+I20 -> 20095.695 | K17: =+J20 -> 21365.555 | L17: =+K20 -> 22644.06 | M17: =+L20 -> 23939.168 | N17: =+M20 -> 25258.074 | ... R17: =+Q20 -> 30895.863 | S17: =+G17 -> 16243.455 | T17: =+AVERAGE(G17:R17) -> 23402.825
B18: MoM growth rate new customers | C18: =+RATE(12,-F18,0,S18,1) -> 0.046478523 | E18: =+E9 -> Units sold | F18: =+R9 -> 3572.3163 | G18: =+F18*(1+$C18) -> 3738.3523 | H18: =+G18*(1+$C18) -> 3912.1054 | I18: =+H18*(1+$C18) -> 4093.9342 | J18: =+I18*(1+$C18) -> 4284.2143 | K18: =+J18*(1+$C18) -> 4483.3382 | L18: =+K18*(1+$C18) -> 4691.7171 | M18: =+L18*(1+$C18) -> 4909.7812 | N18: =+M18*(1+$C18) -> 5137.9806 | ... R18: =+Q18*(1+$C18) -> 6161.8871 | S18: =+Model!AM29 -> 58305 | T18: =+AVERAGE(G18:R18) -> 4858.75
B19: Churn rate | C19: =+Model!AM35 -> 0.15 | E19: =+E10 -> Churn | F19: =+R10 -> 2236.0834 | G19: =+$C19*G17 -> 2436.5183 | H19: =+$C19*H17 -> 2631.7934 | I19: =+$C19*I17 -> 2823.8402 | J19: =+$C19*J17 -> 3014.3543 | K19: =+$C19*K17 -> 3204.8333 | L19: =+$C19*L17 -> 3396.609 | M19: =+$C19*M17 -> 3590.8753 | N19: =+$C19*N17 -> 3788.7111 | ... R19: =+$C19*R17 -> 4634.3794 | S19: =+SUM(G19:R19) -> 42125.085 | T19: =+AVERAGE(G19:R19) -> 3510.4238
E20: =+E11 -> Active units EoP | F20: =+R11 -> 16243.455 | G20: =+G17+G18-G19 -> 17545.289 | H20: =+H17+H18-H19 -> 18825.601 | I20: =+I17+I18-I19 -> 20095.695 | J20: =+J17+J18-J19 -> 21365.555 | K20: =+K17+K18-K19 -> 22644.06 | L20: =+L17+L18-L19 -> 23939.168 | M20: =+M17+M18-M19 -> 25258.074 | N20: =+N17+N18-N19 -> 26607.344 | ... S20: =+S17+S18-S19 -> 32423.37 | T20: =+AVERAGE(G20:R20) -> 24751.151
E22: Average active units | F22: =AVERAGE(F17,F20) -> 15575.339 | G22: =AVERAGE(G17,G20) -> 16894.372 | H22: =AVERAGE(H17,H20) -> 18185.445 | I22: =AVERAGE(I17,I20) -> 19460.648 | J22: =AVERAGE(J17,J20) -> 20730.625 | K22: =AVERAGE(K17,K20) -> 22004.808 | L22: =AVERAGE(L17,L20) -> 23291.614 | M22: =AVERAGE(M17,M20) -> 24598.621 | ... R22: =AVERAGE(R17,R20) -> 31659.616 | S22: =+AVERAGE(G22:R22) -> 24076.988 | T22: =+AVERAGE(G22:R22) -> 24076.988
B24: Year 5
E26: =+E17 -> Active units BoP | F26: =+R17 -> 30895.863 | G26: =+F29 -> 32423.37 | H26: =+G29 -> 34202.373 | I26: =+H29 -> 36232.634 | J26: =+I29 -> 38516.877 | K26: =+J29 -> 41060.569 | L26: =+K29 -> 43871.754 | M26: =+L29 -> 46960.933 | N26: =+M29 -> 50340.981 | ... R26: =+Q29 -> 67108.592 | S26: =+G26 -> 32423.37 | T26: =+AVERAGE(G26:R26) -> 47097.656
B27: MoM growth rate new customers | C27: =+RATE(12,-F27,0,S27,1) -> 0.077999 | E27: =+E18 -> Units sold | F27: =+R18 -> 6161.8871 | G27: =+F27*(1+$C27) -> 6642.5082 | H27: =+G27*(1+$C27) -> 7160.6172 | I27: =+H27*(1+$C27) -> 7719.1381 | J27: =+I27*(1+$C27) -> 8321.2232 | K27: =+J27*(1+$C27) -> 8970.2703 | L27: =+K27*(1+$C27) -> 9669.9424 | M27: =+L27*(1+$C27) -> 10424.188 | N27: =+M27*(1+$C27) -> 11237.265 | ... R27: =+Q27*(1+$C27) -> 15175.186 | S27: =+Model!AN29 -> 124569.9 | T27: =+AVERAGE(G27:R27) -> 10380.825
B28: Churn rate | C28: =+Model!AN35 -> 0.15 | E28: =+E19 -> Churn | F28: =+R19 -> 4634.3794 | G28: =+$C28*G26 -> 4863.5056 | H28: =+$C28*H26 -> 5130.3559 | I28: =+$C28*I26 -> 5434.8951 | J28: =+$C28*J26 -> 5777.5316 | K28: =+$C28*K26 -> 6159.0853 | L28: =+$C28*L26 -> 6580.7631 | M28: =+$C28*M26 -> 7044.14 | N28: =+$C28*N26 -> 7551.1472 | ... R28: =+$C28*R26 -> 10066.289 | S28: =+SUM(G28:R28) -> 84775.781 | T28: =+AVERAGE(G28:R28) -> 7064.6484
E29: =+E20 -> Active units EoP | F29: =+R20 -> 32423.37 | G29: =+G26+G27-G28 -> 34202.373 | H29: =+H26+H27-H28 -> 36232.634 | I29: =+I26+I27-I28 -> 38516.877 | J29: =+J26+J27-J28 -> 41060.569 | K29: =+K26+K27-K28 -> 43871.754 | L29: =+L26+L27-L28 -> 46960.933 | M29: =+M26+M27-M28 -> 50340.981 | N29: =+N26+N27-N28 -> 54027.099 | ... S29: =+S26+S27-S28 -> 72217.49 | T29: =+AVERAGE(G29:R29) -> 50413.833
E31: Average active units | F31: =AVERAGE(F26,F29) -> 31659.616 | G31: =AVERAGE(G26,G29) -> 33312.872 | H31: =AVERAGE(H26,H29) -> 35217.504 | I31: =AVERAGE(I26,I29) -> 37374.756 | J31: =AVERAGE(J26,J29) -> 39788.723 | K31: =AVERAGE(K26,K29) -> 42466.161 | L31: =AVERAGE(L26,L29) -> 45416.343 | M31: =AVERAGE(M26,M29) -> 48650.957 | ... R31: =AVERAGE(R26,R29) -> 69663.041 | S31: =+AVERAGE(G31:R31) -> 48755.744 | T31: =+AVERAGE(G31:R31) -> 48755.744
B33: Assumption: constant monthly growth rate within each calendar year
